 Dungeon Crawl Stone Soup version 0.29-a0-451-gfbfa42419e (webtiles) character file.

Game seed: 13775159416809147909

62 zeratav the Digger (level 4, -1/27 HPs)
             Began as an Octopode Earth Elementalist on May 19, 2022.
             Slain by Natasha (4 damage)
             ... on level 3 of the Dungeon.
             The game lasted 00:03:11 (2792 turns).

zeratav the Digger (Octopode Earth Elementalist)    Turns: 2792, Time: 00:03:12

Health: -1/27      AC:  1    Str:  7    XL:     4   Next: 8%
Magic:  6/8        EV: 17    Int: 19    God:
Gold:   208        SH:  0    Dex: 12    Spells: 7/8 levels left

rFire   . . .      SeeInvis .   r - +0 short sword {short}
rCold   . . .      Faith    .   (no shield)
rNeg    . . .      Spirit   .   (helmet restricted)
rPois   .          Reflect  .   (no amulet)
rElec   .          Harm     .   d - +4 ring of evasion
rCorr   +          Rampage  .   f - ring of resist corrosion
Will    .....                   (no ring)
Stlth   +++.......              (no ring)
HPRegen 0.09/turn               (no ring)
MPRegen 0.11/turn               (no ring)
                                (no ring)
                                (no ring)

@: very slightly contaminated
A: almost no armour, amphibious, 8 rings, camouflage 1, gelatinous body 1,
(nimble swimmer 1), tentacles
a: no special abilities


You were on level 3 of the Dungeon.
You visited 1 branch of the dungeon, and saw 3 of its levels.

You collected 208 gold pieces.


Innate Abilities, Weirdness & Mutations

You cannot wear most types of armour.
You are amphibious.
You can wear up to eight rings at the same time.
Your skin changes colour to match your surroundings (Stealth+).
Your rubbery body absorbs attacks. (AC +1, EV +1)
((You are camouflaged when in or above water. (Stealth+)))
You have tentacles for arms and can constrict up to eight enemies at once.


   Skills:
 - Level 2.0 Dodging
 - Level 2.6 Stealth
 + Level 2.7 Spellcasting
 - Level 1.0 Transmutations
 * Level 4.3 Earth Magic


You had 7 spell levels left.
You knew the following spells:

 Your Spells              Type           Power      Damage    Failure   Level
a - Sandblast             Erth           38%        2d10      2%          1

Your spell library contained the following spells:

 Spells                   Type           Power      Damage    Failure   Level
 Passwall                 Tmut/Erth      10%        N/A       8%          2
 Stone Arrow              Conj/Erth      20%        3d8       19%         3
 Blink                    Tloc           4%         N/A       24%         2
 Lesser Beckoning         Tloc           2%         N/A       43%         3
 Petrify                  Tmut/Erth      12%        N/A       45%         4
 Manifold Assault         Tloc           2%         N/A       99%         5

Inventory:

Hand Weapons
 r - a +0 short sword (weapon) {short}
   (You took it off an orc on level 3 of the Dungeon)
Missiles
 a - 123 stones {throwing}
Armour
 q - a +2 kite shield
   (You found it on level 2 of the Dungeon)
Jewellery
 d - a +4 ring of evasion (left tentacle)
   (You found it on level 1 of the Dungeon)
 f - a ring of resist corrosion (right tentacle)
   (You found it on level 1 of the Dungeon)
Scrolls
 e - a scroll of enchant weapon {unknown}
 g - 2 scrolls of poison {unknown}
 j - 4 scrolls of identify {unknown}
 l - a scroll of vulnerability {unknown}
 m - 3 scrolls of fear {unknown}
 o - 2 scrolls of amnesia {unknown}
Potions
 b - a potion of magic
 c - a potion of flight {unknown}
 h - a potion of cancellation {unknown}
 k - a potion of brilliance {unknown}
 n - a potion of curing {unknown}
 p - a potion of heal wounds {unknown}

Dungeon Overview and Level Annotations

Branches:
Dungeon (3/15)

Altars:

Annotations:
D:3 Natasha, Sigmund

#.# ##.## ######...#### #
............#
#.#######...##.##
#....#####....#.##
#######......)...##.. ##
..#....#####....#.## ..
#.#@#### #...#.### ##.
#.#h# #...#....
.>#...##.oo# #........
..........## #####...#####
#.#.o.................####.
#.....5.....####......)....
#...)>.####># #.##...####.
...#.#. .# #. #...# ## ##
#.#. .# # #.#.. ##


You could see Natasha, a crimson imp (summoned) and 2 orcs.


Message History

The jackal misses you.
Natasha, Servant of Life and Death comes into view.
Casting: Sandblast (safe; 2% risk of failure)
Confirm with . or Enter, or press ? or * to list all spells.
Aiming: Sandblast (safe; 2% risk of failure)
Press: ? - help, Shift-Dir - straight line, f - jackal
Aim: a jackal (74% to hit)
Okay, then.
You barely miss the jackal.
Natasha hisses angrily.
You grab the jackal.
You constrict the jackal, but do no damage.
The jackal misses you.
An orc comes into view. It is wielding a +0 dagger.
A jackal comes into view.
The jackal misses you.
The orc shouts!
You hit the jackal. Your squeeze misses the jackal. You constrict the jackal.
You hear a shout! x2
The jackal completely misses you.
You hit the jackal.
You tentacle-slap the jackal, but do no damage.
You constrict the jackal.
The jackal escapes!
The jackal misses you.
An orc comes into view. It is wielding a +0 short sword.
The jackal bites you. x2
HP[-2]
You take 2 damage, and now have 19/21 hp.
The jackal pauses to sniff the ground.
The jackal bites you. The jackal misses you.
HP[-2]
You take 2 damage, and now have 17/21 hp.
The jackal attacks as you move away! The jackal bites you.
The jackal attacks as you move away! The jackal bites you.
HP[-3]
You take 3 damage, and now have 14/21 hp.
The jackal attacks as you move away! The jackal bites you.
Natasha mumbles some strange words.
HP[-1]
You take 1 damage, and now have 13/21 hp.
The jackal attacks as you move away! The jackal closely misses you. x2
The jackal attacks as you move away! The jackal closely misses you.
You closely miss the jackal. You grab the jackal. You constrict the jackal.
The jackal closely misses you.
The crimson imp blinks!
You hit the jackal but do no damage.
You constrict the jackal, but do no damage.
The jackal closely misses you.
An orc comes into view. It is wielding a +0 short sword.
You barely miss the jackal.
You constrict the jackal, but do no damage.
The jackal closely misses you. x2
You hit the jackal. You squeeze the jackal.
You kill the jackal!
The jackal bites you but does no damage.
You have reached level 4!
HP[+4] MP[+1]
You now have 27 max hp (+6).
You regained 4 hp, and now have 17/27 hp.
Your mp is fully restored (8).
You closely miss the jackal. Your grab misses the jackal.
Your squeeze misses the jackal. The jackal completely misses you.
You hit the jackal. You grab the jackal. You constrict the jackal.
You kill the jackal!
You hit the jackal.
You kill the jackal!
Natasha casts a spell at you. The magic dart hits you.
* * * LOW HITPOINT WARNING * * *
HP[-5]
You take 5 damage, and now have 12/27 hp.
Casting: Sandblast (safe; 2% risk of failure)
Confirm with . or Enter, or press ? or * to list all spells.
Aiming: Sandblast (safe; 2% risk of failure)
Press: ? - help, Shift-Dir - straight line, f - Natasha
Aim: Natasha (74% to hit)
The blast of sand misses Natasha.
Natasha casts a spell at you. The magic dart hits you!
* * * LOW HITPOINT WARNING * * *
The crimson imp blinks!
An orc comes into view. It is wielding a +0 dagger.
HP[-9] MP[-1]
You take 9 damage, and now have 3/27 hp.
MASSIVE DAMAGE!! (PAUSE)
You lost 1 mp, and now have 7/8 mp.
The orc shouts!
You hit the orc. You grab the orc. You constrict the orc. The orc misses you.
You hit the orc. You squeeze the orc.
You kill the orc!
An orc priest comes into view. It is wielding a +0 short sword.
Casting: Sandblast (safe; 2% risk of failure)
Confirm with . or Enter, or press ? or * to list all spells.
Aiming: Sandblast (safe; 2% risk of failure)
Press: ? - help, Shift-Dir - straight line, f/p - Natasha
Aim: Natasha (74% to hit)
You miscast Sandblast.
You are very lightly contaminated with residual magic.
Nothing appears to happen.
The orc priest shouts!
Natasha claws you.
You die...

Skill      XL: |  1  2  3 |
---------------+----------+-----
Earth Magic    | 4 |  4.3
Dodging        | |  2.0
Stealth        | |  2.6
Spellcasting   | |  2.7
Transmutations | |  1.0

Action                   |  1- 3 |  4- 6 || total
-------------------------+-------+-------++-------
Melee: Spear             |    17 |       ||    17
       Constrict         |    15 |     2 ||    17
       Tentacles         |    13 |     1 ||    14
       Dagger            |    70 |       ||    70
       Short sword       |     8 |     5 ||    13
       Punch             |     1 |       ||     1
 Cast: Sandblast         |     6 |     1 ||     7
 Stab: Sleeping          |    21 |       ||    21
Armor: Skin              |     7 |       ||     7
Dodge: Dodged            |    64 |     2 ||    66

Levels and vault maps discovered:
D:1:      dpeg_arrival_solitude, layout_basic, grunt_decor_cap,
          dk_noncrumbling_4
D:2:      layout_basic
D:3:      layout_loops_ring, minmay_bisected, uniq_sigmund, uniq_natasha

Notes
Turn   | Place    | Note
-------+----------+-------------------------------------------
     0 | D:1      | zeratav the Octopode Earth Elementalist began the quest for
                  | the Orb.
     0 | D:1      | Reached XP level 1. HP: 11/11 MP: 3/3
     0 | D:1      | magus.rc [v1.9.6]
   458 | D:1      | Reached XP level 2. HP: 17/17 MP: 5/5
  1283 | D:1      | You pick up a book of Spatial Translocations and begin
                  | reading...
  1283 | D:1      | You add the spells Blink, Lesser Beckoning and Manifold
                  | Assault to your library.
  1299 | D:1      | Reached XP level 3. HP: 18/21 MP: 6/6
  1817 | D:2      | Reached skill level 4 in Earth Magic
  2418 | D:3      | Noticed Sigmund
  2773 | D:3      | Noticed Natasha
  2786 | D:3      | Reached XP level 4. HP: 17/27 MP: 8/8
  2789 | D:3      | HP: 3/27 [Natasha/magic dart (9)]
  2792 | D:3      | Slain by Natasha

Vanquished Creatures
  4 dart slugs
  3 orcs (D:3)
  7 ball pythons
  4 bats
  6 endoplasms
  A giant cockroach (D:3)
  A hobgoblin (D:2)
  3 jackals (D:3)
  2 quokkas
  3 frilled lizards
  6 goblins
  5 kobolds
  4 rats
49 creatures vanquished.

Table legend:
 A = Non-vault XP
 B = Vault XP
 C = Vault XP percentage of total XP
 D = Non-vault monster count
 E = Vault monster count
 F = Vault count percentage of total count
                 A         B        C        D         E       F
            +---------+---------+-------+---------+---------+-------
      Total |      89 |       0 |   0.0 |      49 |       0 |   0.0
            +---------+---------+-------+---------+---------+-------
        D:1 |      37 |       0 |   0.0 |      21 |       0 |   0.0
        D:2 |      24 |       0 |   0.0 |      16 |       0 |   0.0
        D:3 |      28 |       0 |   0.0 |      12 |       0 |   0.0
            +---------+---------+-------+---------+---------+-------

Illustrated notes

Table legend:
 A = Kills in this place as a percentage of kills in entire the game.
 B = Kills by you in this place as a percentage of kills by you in the entire game.
 C = Kills by friends in this place as a percentage of kills by friends in the entire game.
 D = Other kills in this place as a percentage of other kills in the entire game.
 E = Experience gained in this place as a percentage of experience gained in the entire game.
 F = Experience gained in this place divided by the number of levels of this place that you have seen.
                   A       B       C       D       E      F
               +-------+-------+-------+-------+-------+----------------------
         Total | 100.0 | 100.0 |   N/A |   N/A | 100.0 |  29.7
       Dungeon | 100.0 | 100.0 |   N/A |   N/A | 100.0 |  29.7
               +-------+-------+-------+-------+-------+----------------------

Table legend: (Time is in decaauts)
 A = Elapsed time spent in this place.
 B = Non-inter-level travel time spent in this place.
 C = Inter-level travel time spent in this place.
 D = Time resting spent in this place.
 E = Time spent auto-exploring this place.
 F = Levels seen in this place.
 G = Mean time per level.
                   A        B        C        D        E       F      G
               +--------+--------+--------+--------+--------+-----+--------+
         Total |   2792 |   2693 |     99 |    632 |   1659 |   3 |  930.7 |
       Dungeon |   2792 |   2693 |     99 |    632 |   1659 |   3 |  930.7 |
               +--------+--------+--------+--------+--------+-----+--------+

Top non-repeatable levels by time:
     D:1: 1589 daAuts
     D:2: 826 daAuts
     D:3: 375 daAuts
